Map: Аура смерти РВ

Players

llllllllllll

  • Race: Zerg Zerg
  • League: Master
  • Spawn Location: 11:00

Hawk - Winner!

  • Race: Protoss Protoss
  • League: Grandmaster
  • Spawn Location: 5:00

VOD

Have the link to the VOD?

Description

Time

  • Played on: Jan. 17, 2021, 4:34 a.m.
  • Length: 16:51
Show
View Real Time Build Order
Export as new Build Order

llllllllllll Zerg 

Build Orders: Hatch First 

Get SALT Encoding   

  12  0:00  Drone  
  13  0:12  Overlord  
  13  0:17  Drone  
  14  0:30  Drone x2  
  16  0:48  Hatchery  
  15  0:51  Drone  
  15  0:54  Drone  
  17  0:58  Drone  
  18  1:09  Extractor  
  17  1:14  Spawning Pool  
  17  1:17  Drone  
  17  1:21  Drone  
  18  1:28  Drone  
  19  1:40  Drone  
  20  1:49  Overlord  
  20  2:01  Queen x2  
  20  2:02  Zergling x4  
  26  2:10  Drone  
  26  2:11  Drone  
  28  2:16  Metabolic Boost  
  28  2:23  Drone x2  
  30  2:38  Hatchery  
  30  2:40  Drone  
  30  2:41  Drone  
  31  2:47  Overlord  
  31  2:48  Drone  
  32  2:54  Queen  
  32  2:57  Drone  
  32  2:58  Drone  
  36  3:05  Zergling x2  
  37  3:07  Drone  
  37  3:08  Drone  
  37  3:10  Drone x2  
  41  3:16  Drone x2  
  43  3:27  Drone  
  44  3:28  Overlord  
  44  3:43  Overlord  
  44  3:45  Extractor  
  44  3:46  Extractor, Queen x2  
  44  3:47  Drone x5  
  53  3:53  Drone  
  54  3:59  Drone x2  
  54  4:01  Roach Warren  
  54  4:02  Drone x2  
  56  4:03  Drone x2  
  56  4:08  Queen  
  60  4:11  Spore Crawler  
  60  4:14  Drone x3  
  60  4:16  Spore Crawler  
  61  4:18  Drone x2  
  61  4:23  Drone  
  64  4:25  Drone  
  64  4:26  Overlord  
  65  4:32  Overlord  
  65  4:34  Overlord x2  
  62  4:47  Drone x3, Overlord x2  
  62  4:49  Lair  
  66  4:52  Drone  
  66  4:53  Drone  
  66  4:54  Evolution Chamber  
  66  4:56  Drone  
  66  4:57  Drone x5  
  72  5:01  Queen  
  72  5:05  Drone  
  72  5:06  Drone  
  76  5:09  Drone  
  76  5:11  Extractor  
  76  5:13  Extractor, Spore Crawler  
  74  5:15  Drone x3  
  74  5:16  Extractor  
  74  5:20  Zerg Missile Weapons Level 1  
  76  5:21  Drone  
  76  5:23  Drone  
  76  5:28  Hatchery  
  77  5:31  Drone x3  
  77  5:32  Drone x5  
  85  5:35  Extractor  
  85  5:39  Drone x2  
  86  5:46  Zergling x8  
  90  5:51  Glial Reconstitution  
  90  5:52  Extractor  
  90  5:54  Hydralisk Den, Overseer  
  88  5:58  Drone  
  89  6:04  Overlord  
  89  6:06  Drone  
  89  6:07  Drone  
  89  6:08  Infestation Pit  
  89  6:16  Queen  
  89  6:17  Drone x2  
  93  6:24  Spore Crawler  
  92  6:28  Hydralisk x3  
  92  6:29  Hydralisk x6  
  110  6:35  Overlord x4  
  110  6:36  Grooved Spines  
  110  6:40  Overlord x3  
  110  6:41  Overlord  
  110  6:44  Drone  
  110  6:47  Hive  
  111  6:51  Spore Crawler  
  110  7:00  Overlord x2  
  110  7:03  Drone x6  
  110  7:04  Drone x4  
  120  7:16  Drone x3  
  120  7:17  Hatchery, Drone x2  
  120  7:21  Zerg Missile Weapons Level 2  
  124  7:28  Extractor x2  
  122  7:31  Hydralisk x5  
  132  7:43  Pathogen Glands  
  132  7:45  Evolution Chamber  
  132  7:46  Lurker Den  
  131  7:51  Drone x3  
  131  7:52  Drone  
  131  7:53  Hydralisk x3, Drone x2  
  142  8:00  Hydralisk x2  
  145  8:08  Muscular Augments  
  145  8:13  Hydralisk  
  145  8:14  Hydralisk  
  145  8:16  Overlord x3  
  145  8:18  Overlord  
  149  8:24  Overlord x2  
  149  8:31  Zerg Ground Armor Level 1  
  149  8:34  Spore Crawler  
  148  8:37  Ultralisk Cavern  
  147  8:48  Zergling x2  
  148  8:49  Zergling x2  
  148  8:50  Queen  
  151  8:57  Adrenal Glands  
  151  9:02  Hydralisk x4  
  159  9:14  Drone x5  
  159  9:15  Drone  
  165  9:22  Drone x3  
  165  9:23  Spine Crawler  
  166  9:25  Spine Crawler x2  
  166  9:26  Spine Crawler, Chitinous Plating  
  166  9:28  Infestor x2  
  166  9:29  Infestor x2  
  171  9:34  Hatchery  
  171  9:36  Extractor  
  171  9:38  Extractor, Drone x3  
  171  9:39  Drone  
  171  9:40  Drone x2  
  171  9:43  Ultralisk  
  180  9:49  Ultralisk  
  192  10:14  Ultralisk  
  192  10:15  Hydralisk x3  
  192  10:17  Overseer  
  192  10:18  Overseer  
  192  10:20  Zerg Missile Weapons Level 3  
  196  10:31  Zerg Ground Armor Level 2  
  196  10:44  Spine Crawler  
  196  10:45  Spine Crawler  
  196  10:46  Spine Crawler  
  196  10:47  Anabolic Synthesis  
  193  10:53  Drone x7  
  200  10:58  Spine Crawler  
  200  11:00  Spine Crawler  
  198  11:04  Hatchery  
  198  11:07  Unknown  
  198  11:10  Unknown  
  189  11:14  Hydralisk  
  189  11:15  Hydralisk x7  
  198  11:31  Hydralisk  
  198  11:32  Hydralisk x6  
  198  11:37  Ultralisk x2  
  195  11:46  Infestor  
  195  11:47  Spine Crawler x2, Infestor  
  195  11:48  Spine Crawler x2  
  195  11:49  Neural Parasite  
  195  11:50  Burrow  
  195  11:56  Overseer x2  
  195  11:58  Overseer x2  
  195  11:59  Drone  
  195  12:00  Drone x3  
  199  12:22  Hatchery  
  198  12:27  Extractor  
  198  12:28  Extractor, Spore Crawler  
  195  12:30  Spore Crawler  
  195  12:31  Spore Crawler  
  195  12:33  Spore Crawler x3, Ultralisk  
  195  12:34  Spore Crawler, Drone  
  195  12:35  Spore Crawler, Drone x3  
  198  12:55  Zerg Ground Armor Level 3  
  198  12:57  Zerg Melee Weapons Level 1  
  198  12:58  Adaptive Talons  
  184  13:49  Hydralisk x13  
  180  13:55  Seismic Spines  
  180  13:59  Ultralisk  
  180  14:00  Hydralisk, Ultralisk x5  
  180  14:01  Hydralisk  
  196  14:13  Overseer x2  
  175  14:50  Hydralisk x16  
  188  14:57  Hydralisk x8  
  196  15:06  Hydralisk x8  
  169  15:14  Hydralisk  
  169  15:21  Hydralisk x2  
  161  15:39  Infestor x4  
  167  15:47  Hatchery  
  167  15:49  Drone x3  
  168  15:58  Hatchery  
  167  16:06  Drone x5  
Show
View Real Time Build Order
Export as new Build Order

Hawk Protoss - Winner!

Build Orders: Nexus First, Oracle Opening, Carriers 

Get SALT Encoding   

  12  0:01  Probe  
  13  0:13  Probe  
  14  0:18  Pylon  
  14  0:25  Probe  
  15  0:37  Probe  
  16  0:49  Probe  
  17  1:00  Nexus  
  17  1:04  Probe  
  18  1:14  Gateway  
  18  1:18  Probe (Chrono Boost)  
  19  1:24  Assimilator  
  19  1:27  Probe (Chrono Boost)  
  19  1:30  Assimilator  
  19  1:32  Probe (Chrono Boost)  
  21  1:40  Pylon  
  21  1:45  Probe (Chrono Boost)  
  22  1:50  Probe (Chrono Boost)  
  23  2:00  Probe (Chrono Boost)  
  24  2:03  Cybernetics Core  
  24  2:05  Zealot  
  26  2:12  Probe (Chrono Boost)  
  28  2:17  Probe (Chrono Boost)  
  28  2:18  Probe (Chrono Boost)  
  29  2:24  Probe  
  29  2:26  Probe  
  31  2:36  Probe  
  32  2:38  Adept (Chrono Boost), Probe  
  32  2:40  Stargate  
  32  2:42  Warp Gate  
  35  2:45  Assimilator  
  35  2:48  Probe  
  36  2:51  Assimilator  
  36  2:52  Probe  
  37  3:00  Probe  
  37  3:01  Sentry  
  37  3:04  Probe  
  41  3:09  Pylon  
  41  3:13  Probe  
  41  3:15  Shield Battery  
  41  3:18  Probe  
  43  3:21  Oracle (Chrono Boost)  
  46  3:27  Probe  
  46  3:30  Probe  
  48  3:37  Pylon  
  48  3:39  Probe  
  49  3:42  Probe  
  49  3:43  Void Ray (Chrono Boost)  
  50  3:55  Probe x2  
  56  4:05  Nexus  
  56  4:07  Probe x2  
  58  4:17  Void Ray  
  58  4:20  Pylon  
  62  4:30  Pylon  
  62  4:32  Stargate  
  62  4:34  Stargate  
  62  4:38  Probe x2  
  64  4:50  Probe x2  
  66  4:53  Pylon  
  66  4:54  Void Ray  
  66  4:55  Pylon  
  66  5:03  Probe  
  71  5:07  Probe  
  71  5:08  Robotics Facility  
  71  5:11  Assimilator  
  71  5:12  Void Ray x2 (Chrono Boost)  
  72  5:16  Assimilator  
  72  5:19  Probe x2 (Chrono Boost)  
  82  5:22  Probe (Chrono Boost)  
  85  5:28  Probe x2 (Chrono Boost)  
  85  5:29  Probe (Chrono Boost)  
  85  5:33  Probe x2 (Chrono Boost)  
  86  5:36  Probe  
  86  5:38  Void Ray (Chrono Boost)  
  86  5:40  Pylon  
  93  5:45  Probe x2  
  93  5:46  Void Ray (Chrono Boost)  
  93  5:47  Void Ray (Chrono Boost)  
  93  5:48  Probe  
  104  5:57  Probe, Shield Battery  
  105  6:08  Robotics Facility  
  105  6:09  Robotics Bay  
  105  6:13  Probe x2  
  105  6:14  Probe  
  105  6:16  Pylon  
  108  6:19  Pylon  
  108  6:21  Protoss Air Weapons Level 1, Pylon  
  108  6:23  Observer  
  109  6:50  Pylon  
  109  6:51  Nexus, Pylon  
  109  6:53  Gateway, Pylon  
  109  6:54  Colossus (Chrono Boost)  
  109  6:55  Gateway  
  109  6:58  Twilight Council, Extended Thermal Lance  
  109  7:01  Colossus (Chrono Boost)  
  121  7:03  Probe  
  122  7:15  Probe  
  122  7:16  Probe  
  122  7:19  Probe  
  125  7:26  Zealot  
  125  7:28  Probe x2  
  129  7:31  Forge  
  129  7:32  Shield Battery, Probe  
  129  7:35  Charge  
  136  7:37  Colossus x2 (Chrono Boost)  
  136  7:41  Fleet Beacon  
  142  7:45  Probe  
  142  7:47  Zealot  
  142  7:50  Probe, Assimilator  
  146  7:52  Assimilator  
  146  8:01  Probe  
  143  8:20  Colossus (Chrono Boost)  
  143  8:21  Colossus (Chrono Boost)  
  143  8:24  Probe x2  
  157  8:31  Photon Cannon  
  157  8:32  Photon Cannon x2  
  157  8:34  Photon Cannon x2  
  157  8:35  Photon Cannon  
  157  8:36  Photon Cannon  
  157  8:37  Photon Cannon  
  157  8:38  Shield Battery  
  157  8:47  Protoss Air Weapons Level 2  
  169  8:53  Carrier (Chrono Boost)  
  169  8:54  Carrier (Chrono Boost)  
  169  8:56  Carrier (Chrono Boost)  
  175  9:02  Pylon  
  175  9:04  Pylon  
  175  9:06  Pylon  
  175  9:09  Templar Archives  
  175  9:12  Gateway  
  175  9:15  Mothership (Chrono Boost)  
  183  9:25  Gateway  
  183  9:30  Gateway  
  183  9:32  Gateway  
  183  9:38  Gateway  
  183  9:42  Gateway  
  183  9:45  Gateway  
  183  9:49  Carrier (Chrono Boost)  
  183  9:50  Carrier (Chrono Boost)  
  183  9:51  Carrier (Chrono Boost)  
  194  10:00  Protoss Ground Weapons Level 1  
  194  10:02  Psionic Storm  
  194  10:04  Probe x2 (Chrono Boost)  
  195  10:08  Gateway  
  195  10:11  Gateway  
  195  10:12  Gateway  
  195  10:14  Gateway  
  195  10:31  High Templar x2  
  199  10:39  Pylon  
  199  10:41  Pylon  
  198  10:49  High Templar  
  200  10:57  Nexus  
  200  10:59  Pylon  
  200  11:14  Protoss Air Weapons Level 3 (Chrono Boost)  
  200  11:20  Photon Cannon  
  200  11:21  Photon Cannon  
  200  11:24  Photon Cannon  
  200  11:26  Photon Cannon  
  200  11:27  Photon Cannon  
  200  11:29  Photon Cannon  
  200  11:30  Shield Battery  
  200  11:31  Assimilator  
  182  11:34  Carrier x3 (Chrono Boost)  
  182  11:35  Assimilator  
  182  11:39  Shield Battery  
  194  11:44  High Templar x3  
  200  12:09  Forge  
  200  12:13  Forge  
  200  12:14  Nexus  
  200  12:17  Pylon  
  200  12:18  Pylon  
  200  12:21  Pylon  
  200  12:24  Unknown  
  200  12:29  Unknown  
  200  12:38  Photon Cannon  
  200  12:40  Photon Cannon  
  200  12:42  Photon Cannon  
  200  12:44  Photon Cannon  
  200  12:46  Dark Shrine, Photon Cannon  
  200  12:48  Protoss Ground Armor Level 1, Protoss Ground Weapons Level 2  
  200  12:50  Photon Cannon  
  200  12:51  Protoss Shields Level 1  
  200  12:52  Photon Cannon  
  200  12:54  Shield Battery  
  200  12:56  Shield Battery  
  200  13:01  Shield Battery  
  200  13:18  Gateway  
  200  13:21  Gateway  
  200  13:37  Gateway  
  200  13:41  Gateway  
  200  13:42  Gateway  
  184  14:01  Zealot x8  
  169  14:56  Zealot x9  
  169  14:57  Zealot x7  
  169  14:58  Zealot x3  
  176  15:08  Carrier x2  
  176  15:09  Carrier  
  200  15:20  Stargate  
  184  15:24  Stargate  
  168  15:28  Immortal (Chrono Boost)  
  168  15:29  Immortal (Chrono Boost), Stargate  
  168  15:34  High Templar x2  
  168  15:35  High Templar x7  
  170  15:36  High Templar x3  
  170  15:37  High Templar x3  
  170  15:38  High Templar x4  
  176  15:47  Archon x2  
  176  15:48  Archon x2  
  160  15:57  Colossus x2 (Chrono Boost)  
  172  16:16  Pylon  
  144  16:37  Archon  
  136  16:45  High Templar x5  
  136  16:46  High Templar x6  
  158  16:47  High Templar x6  
  158  16:48  High Templar x2  
Tags
 
Add a new tag
Caveats
  • Supply blocks, unpowered buildings, or Contaminate may cause inaccurate times.
  • Supply counts are checked every 10 seconds.